[Event "World Junior U20 Girls 2018"]
[Site "Gebze"]
[Date "2018.09.10"]
[Round "6"]
[White "Gur, Tuba"]
[Black "Ince, Safiye Oyku"]
[Result "0-1"]
[ECO "D02"]
[WhiteElo "1724"]
[BlackElo "1905"]
[Annotator "NA"]
[PlyCount "132"]
[EventDate "2018.09.05"]
[EventType "swiss"]
[EventCountry "TUR"]
[SourceTitle "playchess.com"]
[Source "ChessBase"]
[SourceQuality "1"]
[TimeControl "40/5400+30:1800+30"]

1. d4 d5 2. Nf3 Nc6 3. e3 Bg4 4. Nbd2 e5 {[%emt 0:00:30] D02: 1 d4 d5 2 Nf3 sidelines, including 2...Nf6 3 g3 and 2...Nf6 3 Bf4} (4... e6 5. h3 Bh5 6. c4 Nf6 7. Qb3 Rb8 8. cxd5 Nxd5 9. e4 Nde7 10. g4 Bg6 11. Qc3 h5 12. g5 {1-0 (42) Kovalenko,I (2684)-Reprintsev,A (2321) Tallinn 2016}) 5. h3 Bxf3 6. Nxf3 e4 7. Nd2 f5 8. c4 Nf6 9. Qb3 $146 ({Predecessor:} 9. a3 g6 10. Qb3 Rb8 11. cxd5 Nxd5 12. Bc4 {1-0 (28) Flear,G (2479)-Grigoryan,M (2048) Saint Affrique 2007}) 9... Rb8 10. a3 Bd6 11. cxd5 Ne7 12. Qb5+ Qd7 13. Qxd7+ Nxd7 14. Nc4 Nxd5 15. Nxd6+ cxd6 16. Bc4 N5b6 17. Be6 Rf8 18. g4 g6 19. gxf5 gxf5 20. Rg1 Rf6 21. Ba2 Rg6 22. Rxg6 hxg6 23. Bd2 Rc8 24. Bb4 d5 25. Kf1 Nf6 26. Kg2 Na4 27. Rb1 Kf7 28. Bb3 Nb6 29. Bd2 g5 30. Rc1 Rc6 31. Rxc6 bxc6 32. Bb4 Kg6 33. Bc5 Nfd7 34. Bd6 Kf6 35. h4 gxh4 36. Kh3 Nc8 37. Bb4 $14 Kg5 38. Ba4 Nb8 39. Bc5 f4 40. b4 Nb6 41. Bd1 f3 42. Be7+ Kf5 43. Kxh4 Ke6 44. Bg5 Nc4 45. a4 Nb2 46. Bb3 Nd3 47. Kg3 Nxb4 48. a5 Nd7 49. Ba4 c5 50. dxc5 Nxc5 51. Bb5 a6 52. Bf1 Nb7 53. Bf4 Nxa5 54. Bh3+ Kf7 55. Bd6 Nd3 56. Bf1 Nc4 57. Bc7 Nc5 58. Kg4 Ke6 59. Kf4 Kd7 60. Bb8 Nd2 61. Bh3+ Kc6 62. Ba7 Nd3+ 63. Kg3 a5 64. Bd4 a4 65. Bc3 Nb3 66. Bf1 a3 0-1

[Event "World Junior U20 Girls 2018"]
[Site "Gebze"]
[Date "2018.09.10"]
[Round "6"]
[White "Incecik, Seyma Zeynep"]
[Black "Koljevic, Nikolina"]
[Result "1/2-1/2"]
[ECO "B21"]
[WhiteElo "1716"]
[BlackElo "1898"]
[Annotator "NA"]
[PlyCount "88"]
[EventDate "2018.09.05"]
[EventType "swiss"]
[EventCountry "TUR"]
[SourceTitle "playchess.com"]
[Source "ChessBase"]
[SourceQuality "1"]
[TimeControl "40/5400+30:1800+30"]

1. e4 c5 2. d4 cxd4 3. c3 dxc3 4. Nxc3 Nc6 5. Nf3 e6 6. Bc4 a6 7. a4 Bc5 8. Bf4 Nge7 9. O-O O-O 10. Qe2 Ng6 11. Bg3 Qb6 12. Rad1 (12. Rfd1 $11) 12... h6 13. Bd6 Bxd6 14. Rxd6 Qc5 15. Rfd1 Nf4 16. Qf1 $17 f5 17. R6d2 Qb4 18. e5 Qc5 19. Re1 Ng6 20. Qe2 Nf4 21. Qf1 g5 22. h3 Kh7 23. Ba2 Nb4 24. Qc4 Qe7 25. Bb1 Nbd5 26. Nd4 Kh8 27. Nxd5 Nxd5 28. Nxf5 exf5 29. Qxd5 Rb8 30. Qd6 Qxd6 31. Rxd6 Kg7 32. a5 Rf7 33. g3 g4 34. h4 b6 35. axb6 Bb7 36. Red1 Bf3 37. R1d2 Re8 38. Rxd7 Rxe5 39. Rxf7+ Kxf7 40. Ba2+ Ke7 41. Bc4 Re1+ 42. Bf1 Rb1 43. Rc2 Kd6 44. b4 Ke5 1/2-1/2

[Event "World Junior U20 Girls 2018"]
[Site "Gebze"]
[Date "2018.09.10"]
[Round "6"]
[White "Esti, Kubra Selenay"]
[Black "Celik, Eda"]
[Result "0-1"]
[ECO "D00"]
[WhiteElo "1662"]
[BlackElo "1970"]
[Annotator "NA"]
[PlyCount "112"]
[EventDate "2018.09.05"]
[EventType "swiss"]
[EventCountry "TUR"]
[SourceTitle "playchess.com"]
[Source "ChessBase"]
[SourceQuality "1"]
[TimeControl "40/5400+30:1800+30"]

1. d4 Nf6 2. Bf4 d5 3. e3 c5 4. c3 Nc6 5. Nd2 {[%emt 0:00:30] D00: 1 d4 d5: Unusual lines} Bf5 6. Qb3 (6. Ngf3 e6 7. Be2 Bd6 8. dxc5 Bxc5 9. Nd4 Bg6 10. Qa4 O-O 11. Nxc6 bxc6 12. Qxc6 Rc8 13. Qa4 Re8 14. O-O e5 {0-1 (57) Le,Q (2737)-Ding,L (2777) Riadh 2017}) 6... Qd7 7. Ngf3 cxd4 8. Ne5 $146 ({Predecessor:} 8. exd4 a6 9. Nh4 Bg6 10. Be2 e6 11. O-O Be7 12. Nxg6 hxg6 {0-1 (43) Pinero Fernandez,X (2218)-Samant,A (2191) Barcelona 2018}) 8... Nxe5 9. Bxe5 a6 10. Bxd4 e6 11. c4 Ne4 12. Nxe4 Bxe4 13. f3 Bg6 14. cxd5 Qxd5 15. Qxd5 exd5 16. Rc1 Kd7 17. Kd2 Bb4+ 18. Bc3 Bxc3+ 19. Rxc3 Rac8 20. Bd3 Rxc3 21. Kxc3 Rc8+ 22. Kd2 Bxd3 23. Kxd3 Kd6 24. Re1 f5 25. Rd1 Ke5 26. Re1 b5 27. h3 g5 28. g3 Rc4 29. b3 Rc7 30. f4+ gxf4 31. exf4+ Kd6 32. Re5 Rg7 33. Re3 Kc5 34. a3 a5 35. h4 b4 36. a4 Rg6 37. Kd2 h5 38. Kd3 Rg8 39. Kd2 Kd4 40. Rd3+ Ke4 41. Re3+ Kd4 42. Rd3+ Kc5 43. Re3 Rg7 44. Kd3 Rg6 45. Kd2 Kd6 46. Rf3 $19 (46. Kc2 $11 {and White has nothing to worry.}) 46... d4 47. Rf1 Rxg3 48. Re1 Rxb3 49. Re5 Rh3 50. Rxa5 Rxh4 51. Rxf5 Rh1 52. Rb5 h4 53. Ke2 d3+ 54. Kxd3 h3 55. Rh5 h2 56. Rh6+ Ke7 0-1

[Event "World Junior U20 Girls 2018"]
[Site "Gebze"]
[Date "2018.09.10"]
[Round "6"]
[White "Anandpara Jayendra Saloni"]
[Black "Nemcova, Karin"]
[Result "0-1"]
[ECO "A41"]
[WhiteElo "1326"]
[BlackElo "1990"]
[Annotator "NA"]
[PlyCount "90"]
[EventDate "2018.09.05"]
[EventType "swiss"]
[EventCountry "TUR"]
[SourceTitle "playchess.com"]
[Source "ChessBase"]
[SourceQuality "1"]
[TimeControl "40/5400+30:1800+30"]

1. d4 g6 2. Bf4 Bg7 3. e3 d6 4. h3 Nd7 5. Nf3 e5 6. Bh2 Ne7 7. Be2 {[%emt 0:00:30] A41: Moderne Verteidigung gegen 1.d4 (mit oder ohne späterem e2-e4 und Sf6)} O-O 8. Nbd2 Nf5 9. c3 Qe7 10. g4 $146 ({Vorgänger:} 10. dxe5 dxe5 11. Qc2 b6 12. O-O Bb7 13. Ne4 Nd6 14. Nxd6 cxd6 {0-1 (54) Sergeev,V (2526)-Laznicka,V (2701) Czechia 2012}) 10... Nh4 11. Nxh4 Qxh4 12. Bg3 Qe7 13. Qc2 Nb6 14. Bf3 (14. dxe5 $11 dxe5 15. Nf3) 14... exd4 15. cxd4 Bxd4 16. Kf1 Bg7 17. Rc1 c6 18. h4 d5 19. h5 Qb4 20. Rb1 Bxg4 21. Bxg4 Qxg4 22. h6 Bh8 23. b3 Rad8 $19 24. Rh4 Qe6 25. Nf3 f5 26. Rd1 Bf6 27. Rh2 Qe4 28. Qe2 Rfe8 29. Bh4 Qe7 30. Bxf6 Qxf6 31. Qd2 Re4 32. Rg2 Nd7 33. Ng5 Rh4 34. Nf3 Rxh6 35. Qd4 Rh1+ 36. Rg1 Qxd4 37. Nxd4 Rxg1+ 38. Kxg1 Re8 39. Kg2 Kg7 40. Nf3 Ne5 41. Nxe5 Rxe5 42. Kf3 g5 43. Rg1 Kf6 44. Rh1 Kg6 45. a4 h5 0-1

[Event "World Junior U20 Girls 2018"]
[Site "Gebze"]
[Date "2018.09.12"]
[Round "8"]
[White "Tsolakidou, Stavroula"]
[Black "Kubicka, Anna"]
[Result "1/2-1/2"]
[ECO "B13"]
[WhiteElo "2393"]
[BlackElo "2204"]
[Annotator "NA"]
[PlyCount "70"]
[EventDate "2018.09.05"]
[EventType "swiss"]
[EventCountry "TUR"]
[SourceTitle "playchess.com"]
[Source "ChessBase"]
[SourceQuality "1"]
[TimeControl "40/5400+30:1800+30"]

1. e4 c6 2. d4 d5 3. exd5 cxd5 4. Bd3 Nc6 5. c3 Qc7 6. Na3 a6 7. Nc2 Nf6 8. h3 g6 9. Ne2 Bf5 10. Bxf5 gxf5 11. Bg5 Ne4 12. Bf4 Qd7 13. f3 Nf6 14. g4 Bg7 15. Qd3 fxg4 16. hxg4 h5 17. g5 Ng8 18. Ng3 e5 19. dxe5 Bxe5 20. Bxe5 Nxe5 21. Qe3 O-O-O 22. O-O-O Nc4 23. Qf4 Ne7 24. Nxh5 Ng6 25. Qf6 Rhe8 26. Rh2 Re6 27. Qf5 Nxb2 28. Nf6 Qc7 29. Rdd2 Qxc3 30. Nxd5 Rxd5 31. Rxd5 Nc4 32. Kd1 Nb2+ 33. Kc1 Nc4 34. Kd1 Nb2+ 35. Kc1 Nc4 1/2-1/2

[Event "World Junior U20 Girls 2018"]
[Site "Gebze"]
[Date "2018.09.12"]
[Round "8"]
[White "Tokhirjonova, Gulrukhbegim"]
[Black "Gorti, Akshita"]
[Result "1-0"]
[ECO "C07"]
[WhiteElo "2369"]
[BlackElo "2315"]
[Annotator "NA"]
[PlyCount "131"]
[EventDate "2018.09.05"]
[EventType "swiss"]
[EventCountry "TUR"]
[SourceTitle "playchess.com"]
[Source "ChessBase"]
[SourceQuality "1"]
[TimeControl "40/5400+30:1800+30"]

1. e4 e6 2. d4 d5 3. Nd2 c5 4. Ngf3 cxd4 5. Nxd4 Nf6 6. exd5 Nxd5 7. N2f3 {[%emt 0:00:30] C07: French Tarrasch: 3...c5, 4 Ngf3 and 4 exd5 Qxd5} Bb4+ 8. Bd2 Bxd2+ (8... O-O 9. c3 Be7 10. Bd3 b6 11. O-O Bb7 12. Qe2 Nc6 13. Rad1 Nxd4 14. Nxd4 Bf6 {0-1 (38) Gao,R (2561)-Yu,Y (2759) Tianjin 2018}) 9. Qxd2 O-O 10. Bc4 b6 11. O-O Bb7 12. Rfe1 Qf6 13. Qg5 $146 ({Predecessor:} 13. Ng5 Rc8 14. Ne4 Qe7 15. Bxd5 Bxd5 {0-1 (27) Vazquez,G (2438)-Shetty,A (2331) Chicago 2015}) 13... Nd7 14. Bf1 Qxg5 15. Nxg5 N7f6 16. c4 Ne7 17. Rad1 Rfd8 18. Ngf3 Ng6 19. g3 Rd7 20. Be2 Rad8 21. Nb5 a6 22. Nc3 Bc6 23. Rxd7 Rxd7 24. Rd1 Rxd1+ 25. Bxd1 Ne4 26. Nxe4 Bxe4 27. Kf1 Kf8 28. Ke1 Ke7 29. Kd2 f6 30. Kc3 Kd6 31. Nd2 Bb7 32. b4 e5 33. Nb3 Ne7 34. c5+ Kc7 35. cxb6+ Kxb6 36. a4 Bc8 37. a5+ Kc6 38. Nc5 f5 39. Kc4 Kd6 40. b5 axb5+ 41. Kxb5 Nd5 42. Kc4 Nc7 43. Be2 Na6 44. Na4 Nb8 45. Kc3 Na6 46. h4 Bb7 47. h5 Nc7 48. Bd3 Bc6 49. Kb3 e4 50. Bc4 Bb7 51. Kc3 Bc6 52. Nb6 Kc5 53. Nc8 Bd7 54. Nb6 Bc6 55. Bg8 h6 56. Bc4 Be8 57. Be2 Bc6 58. Kd2 Ne6 59. Ke3 Nd4 60. Bd1 Ne6 61. Nc8 Kb5 62. Na7+ Kc5 63. Nxc6 Kxc6 $18 64. Ba4+ Kd6 65. a6 Nc7 66. a7 1-0

[Event "World Junior U20 Girls 2018"]
[Site "Gebze"]
[Date "2018.09.12"]
[Round "8"]
[White "Zhu, Jiner"]
[Black "Paramzina, Anastasya"]
[Result "0-1"]
[ECO "B90"]
[WhiteElo "2364"]
[BlackElo "2222"]
[Annotator "NA"]
[PlyCount "98"]
[EventDate "2018.09.05"]
[EventType "swiss"]
[EventCountry "TUR"]
[SourceTitle "playchess.com"]
[Source "ChessBase"]
[SourceQuality "1"]
[TimeControl "40/5400+30:1800+30"]

1. e4 c5 2. Nf3 d6 3. d4 cxd4 4. Nxd4 Nf6 5. Nc3 a6 6. Be3 e5 7. Nb3 Be7 8. h3 Be6 9. f4 exf4 10. Bxf4 O-O 11. Qe2 Nc6 12. O-O-O Nd7 13. Kb1 Bf6 14. Nd5 Be5 15. Bxe5 Ndxe5 16. g4 b5 17. Qf2 Rb8 18. Be2 a5 19. Nd4 Bxd5 20. exd5 Nxd4 21. Rxd4 b4 22. Bd3 a4 23. Rf1 Re8 24. h4 Qb6 25. b3 a3 26. h5 Nf3 27. Re4 Qxf2 28. Rxf2 Rxe4 29. Bxe4 Re8 30. Rxf3 Rxe4 31. c3 Rxg4 32. cxb4 Rxb4 33. Kc2 Rd4 34. Kc3 Rxd5 35. b4 Rxh5 36. Kc4 Rh4+ 37. Kb3 g5 38. b5 Re4 39. b6 Re7 40. Rf5 h6 41. Kxa3 Rb7 42. Rb5 f5 43. Kb4 g4 44. Kc4 g3 45. Rb2 f4 46. Kd3 f3 47. Rb1 Re7 48. b7 Rxb7 49. Rxb7 g2 0-1

[Event "World Junior U20 Girls 2018"]
[Site "Gebze"]
[Date "2018.09.12"]
[Round "8"]
[White "Khomeriki, Nino"]
[Black "Maltsevskaya, Aleksandra"]
[Result "1/2-1/2"]
[ECO "D59"]
[WhiteElo "2313"]
[BlackElo "2234"]
[Annotator "NA"]
[PlyCount "51"]
[EventDate "2018.09.05"]
[EventType "swiss"]
[EventCountry "TUR"]
[SourceTitle "playchess.com"]
[Source "ChessBase"]
[SourceQuality "1"]
[TimeControl "40/5400+30:1800+30"]

1. d4 Nf6 2. Nf3 e6 3. c4 d5 4. Nc3 Be7 5. Bg5 Nbd7 6. e3 h6 7. Bh4 O-O 8. Bd3 c5 9. O-O b6 10. cxd5 Nxd5 11. Bxe7 Qxe7 12. Nxd5 exd5 13. dxc5 bxc5 14. Qa4 Ne5 15. Nxe5 Qxe5 16. Qc6 Rb8 17. b3 Qg5 18. h4 Qxh4 19. Qxc5 Rb6 20. Rac1 Bb7 21. Rfd1 Rf6 22. Rc2 Qg4 23. Be2 Qf5 24. Bd3 Qg4 25. Be2 Qf5 26. Bd3 1/2-1/2

[Event "World Junior U20 Girls 2018"]
[Site "Gebze"]
[Date "2018.09.12"]
[Round "8"]
[White "Potapova, Margarita"]
[Black "Dordzhieva, Dinara"]
[Result "1/2-1/2"]
[ECO "B23"]
[WhiteElo "2277"]
[BlackElo "2318"]
[Annotator "NA"]
[PlyCount "64"]
[EventDate "2018.09.05"]
[EventType "swiss"]
[EventCountry "TUR"]
[SourceTitle "playchess.com"]
[Source "ChessBase"]
[SourceQuality "1"]
[TimeControl "40/5400+30:1800+30"]

1. e4 c5 2. Nc3 Nc6 3. Bb5 Nd4 4. Nf3 Nxb5 5. Nxb5 d6 6. d4 Bd7 7. Nc3 cxd4 8. Qxd4 e5 9. Qd3 h6 10. O-O Nf6 11. Nd2 Rc8 12. Nc4 Be6 13. Ne3 Be7 14. Ncd5 Nxd5 15. Nxd5 Bxd5 16. Qxd5 Qd7 17. c3 Qc6 18. Rd1 O-O 19. Be3 a6 20. a4 Qxd5 21. Rxd5 Rc4 22. f3 f5 23. exf5 Rxf5 24. a5 Kf7 25. Bb6 Ke6 26. Rad1 e4 27. Rxf5 Kxf5 28. Bd4 exf3 29. Rf1 g6 30. Rxf3+ Ke6 31. Rg3 Kf7 32. Rf3+ Ke6 1/2-1/2

[Event "World Junior U20 Girls 2018"]
[Site "Gebze"]
[Date "2018.09.12"]
[Round "8"]
[White "Sieber, Fiona"]
[Black "Sankova, Stella"]
[Result "1/2-1/2"]
[ECO "B90"]
[WhiteElo "2277"]
[BlackElo "2081"]
[Annotator "NA"]
[PlyCount "100"]
[EventDate "2018.09.05"]
[EventType "swiss"]
[EventCountry "TUR"]
[SourceTitle "playchess.com"]
[Source "ChessBase"]
[SourceQuality "1"]
[TimeControl "40/5400+30:1800+30"]

1. e4 c5 2. Nf3 d6 3. d4 cxd4 4. Nxd4 Nf6 5. Nc3 a6 6. Be3 e5 7. Nb3 Be6 8. Qd2 Nbd7 9. f3 h5 10. O-O-O Rc8 11. Kb1 Be7 12. f4 b5 13. Bd3 Qc7 14. h3 h4 15. Rhe1 Bc4 16. Bf2 Bxd3 17. cxd3 b4 18. Nd5 Nxd5 19. exd5 Qb7 20. d4 e4 21. f5 Qxd5 22. Qf4 Kf8 23. Qxe4 Qxe4+ 24. Rxe4 d5 25. Rf4 Bg5 26. Rf3 Rh6 27. Be1 Be7 28. Rf4 Nb6 29. Nd2 Nc4 30. Nxc4 Rxc4 31. b3 Rcc6 32. Rg4 Rh5 33. f6 Bxf6 34. Bxb4+ Ke8 35. Re1+ Kd7 36. Rf4 Rg5 37. Re2 Re6 38. Rc2 Rc6 39. Bc5 Rg3 40. Rf5 Ke6 41. Rh5 Re3 42. Rh8 Re1+ 43. Kb2 Rd1 44. Ra8 Kf5 45. Ra7 Rxc5 46. Rf2+ Ke4 47. Rxf6 Rd2+ 48. Kb1 Rd1+ 49. Kb2 Rd2+ 50. Kb1 Rd1+ 1/2-1/2

[Event "World Junior U20 Girls 2018"]
[Site "Gebze"]
[Date "2018.09.12"]
[Round "8"]
[White "Diakonova, Ekaterina"]
[Black "Hojjatova, Aydan"]
[Result "0-1"]
[ECO "C07"]
[WhiteElo "2243"]
[BlackElo "2356"]
[Annotator "NA"]
[PlyCount "68"]
[EventDate "2018.09.05"]
[EventType "swiss"]
[EventCountry "TUR"]
[SourceTitle "playchess.com"]
[Source "ChessBase"]
[SourceQuality "1"]
[TimeControl "40/5400+30:1800+30"]

1. e4 e6 2. d4 d5 3. Nd2 c5 4. Ngf3 a6 5. c3 Nc6 6. exd5 exd5 7. dxc5 Bxc5 8. Nb3 Bb6 9. Qe2+ Nge7 10. Be3 Bc7 11. Qc2 O-O 12. Bd3 Ng6 13. O-O-O Bg4 14. h4 f5 15. Bc4 Nce7 16. Bg5 Bf4+ 17. Kb1 Bxg5 18. hxg5 Nf4 19. Rd4 Qc7 20. Bf1 Nc6 21. Rd1 Rae8 22. c4 d4 23. c5 Kh8 24. Qc1 Re4 25. Bc4 g6 26. Nbd2 Re7 27. g3 Ne2 28. Qc2 Nb4 29. Qb3 Qxc5 30. Rde1 f4 31. Ka1 Bf5 32. a3 Nc2+ 33. Ka2 Nxe1 34. Nxe1 Nc1+ 0-1

[Event "World Junior U20 Girls 2018"]
[Site "Gebze"]
[Date "2018.09.12"]
[Round "8"]
[White "Mahalakshmi, M."]
[Black "Yang, Yijing"]
[Result "1/2-1/2"]
[ECO "D78"]
[WhiteElo "2213"]
[BlackElo "2018"]
[Annotator "NA"]
[PlyCount "67"]
[EventDate "2018.09.05"]
[EventType "swiss"]
[EventCountry "TUR"]
[SourceTitle "playchess.com"]
[Source "ChessBase"]
[SourceQuality "1"]
[TimeControl "40/5400+30:1800+30"]

1. Nf3 Nf6 2. d4 g6 3. g3 Bg7 4. Bg2 d5 5. O-O O-O 6. c4 c6 7. Qb3 Qb6 8. Nc3 Bf5 9. h3 Na6 10. Qxb6 axb6 11. cxd5 Nxd5 12. Nxd5 cxd5 13. Bd2 Be4 14. e3 Rfc8 15. Rfc1 Rc6 16. Kf1 Rac8 17. Bc3 Nc7 18. Bb4 e6 19. Ke2 Nb5 20. Kd1 Bf8 21. Bxf8 Kxf8 22. Rxc6 Rxc6 23. Ne5 Bxg2 24. Nxc6 bxc6 25. Rc1 Na7 26. Ke2 Bxh3 27. Rh1 Bf5 28. Rxh7 Kg8 29. Rh1 g5 30. Rc1 Kf8 31. Rh1 Kg7 32. Rc1 Kf8 33. Rh1 Kg7 34. Rc1 1/2-1/2

[Event "World Junior U20 Girls 2018"]
[Site "Gebze"]
[Date "2018.09.12"]
[Round "8"]
[White "Caglar, Sila"]
[Black "Malatsilava, Volha"]
[Result "1-0"]
[ECO "A04"]
[WhiteElo "2208"]
[BlackElo "2040"]
[Annotator "NA"]
[PlyCount "92"]
[EventDate "2018.09.05"]
[EventType "swiss"]
[EventCountry "TUR"]
[SourceTitle "playchess.com"]
[Source "ChessBase"]
[SourceQuality "1"]
[TimeControl "40/5400+30:1800+30"]

1. e4 c5 2. Nf3 e6 3. d3 d6 4. g3 g6 5. Bg2 Bg7 6. O-O Ne7 7. c3 O-O 8. d4 cxd4 9. cxd4 Nbc6 10. Re1 Qb6 11. d5 exd5 12. exd5 Ne5 13. Nxe5 Bxe5 14. Nd2 Qd4 15. Qb3 Qc5 16. Nc4 Bf6 17. Bf4 Nf5 18. Rac1 g5 19. Nxd6 Qb6 20. Nxf5 gxf4 21. Ne7+ Kg7 22. Qf3 fxg3 23. hxg3 Bd7 24. b3 Rfe8 25. Nf5+ Kh8 26. Nh6 Kg7 27. Qh5 Bd4 28. Nf5+ Bxf5 29. Qxf5 Qg6 30. Qf4 Qf6 31. Qxf6+ Kxf6 32. Red1 Bb6 33. Rc4 Re2 34. Rf4+ Kg7 35. a4 Rd8 36. d6 Rd7 37. Bh3 Rd8 38. d7 Re7 39. b4 a5 40. Rd5 Re1+ 41. Kg2 Ra8 42. Rb5 Bd8 43. Rxb7 axb4 44. Rfxb4 Kf8 45. R7b5 Re2 46. Rc5 Re1 1-0

[Event "World Junior U20 Girls 2018"]
[Site "Gebze"]
[Date "2018.09.12"]
[Round "8"]
[White "Beydullayeva, Govhar"]
[Black "Nomin-Erdene, Davaademberel"]
[Result "1/2-1/2"]
[ECO "A88"]
[WhiteElo "2202"]
[BlackElo "2377"]
[Annotator "NA"]
[PlyCount "91"]
[EventDate "2018.09.05"]
[EventType "swiss"]
[EventCountry "TUR"]
[SourceTitle "playchess.com"]
[Source "ChessBase"]
[SourceQuality "1"]
[TimeControl "40/5400+30:1800+30"]

1. Nf3 f5 2. g3 Nf6 3. d4 g6 4. Bg2 Bg7 5. O-O O-O 6. c4 d6 7. Nc3 c6 8. Re1 Na6 9. a3 Nc7 10. Qd3 Rb8 11. e4 fxe4 12. Nxe4 Bf5 13. Nh4 Bxe4 14. Bxe4 Nxe4 15. Qxe4 e5 16. dxe5 Bxe5 17. Nxg6 hxg6 18. Qxg6+ Bg7 19. Bg5 Rf6 20. Bxf6 Qxf6 21. Qxf6 Bxf6 22. Rad1 Rd8 23. b3 d5 24. f4 Kf7 25. f5 b5 26. cxd5 cxd5 27. Kg2 d4 28. Rd3 Nd5 29. Kf3 Rh8 30. h4 Ne7 31. Kf4 Nd5+ 32. Kf3 b4 33. a4 Ne7 34. Kf4 Nd5+ 35. Kf3 Ne7 36. Kf4 Re8 37. Re4 Nd5+ 38. Kf3 Rxe4 39. Kxe4 Nc3+ 40. Kf3 Be5 41. g4 Kf6 42. Rd2 a6 43. Rd3 Nd5 44. Ke4 Nc3+ 45. Kf3 Nd5 46. Ke4 1/2-1/2

[Event "World Junior U20 Girls 2018"]
[Site "Gebze"]
[Date "2018.09.12"]
[Round "8"]
[White "Chu, Ruotong"]
[Black "Li, Yunshan"]
[Result "1/2-1/2"]
[ECO "D10"]
[WhiteElo "2199"]
[BlackElo "2060"]
[Annotator "NA"]
[PlyCount "62"]
[EventDate "2018.09.05"]
[EventType "swiss"]
[EventCountry "TUR"]
[SourceTitle "playchess.com"]
[Source "ChessBase"]
[SourceQuality "1"]
[TimeControl "40/5400+30:1800+30"]

1. d4 d5 2. c4 c6 3. cxd5 cxd5 4. Bf4 Nf6 5. e3 Nc6 6. Bd3 a6 7. Nc3 Bg4 8. Nge2 e6 9. Rc1 Bd6 10. Qb3 O-O 11. O-O Na5 12. Qc2 Bxe2 13. Nxe2 Bxf4 14. Nxf4 Rc8 15. Qe2 Qb6 16. Bb1 Nc4 17. Nd3 Rc7 18. b3 Na3 19. Rxc7 Qxc7 20. Rc1 Qb8 21. Qb2 Nxb1 22. Qxb1 Rc8 23. Rc2 Ne8 24. Ne5 Rxc2 25. Qxc2 Qc7 26. Qxc7 Nxc7 27. Nd7 f6 28. Nc5 b6 29. Na4 Na8 30. Kf1 Kf7 31. Ke2 Ke7 1/2-1/2

[Event "World Junior U20 Girls 2018"]
[Site "Gebze"]
[Date "2018.09.12"]
[Round "8"]
[White "Schneider, Jana"]
[Black "Kocyigit, Buse Naz"]
[Result "1-0"]
[ECO "B01"]
[WhiteElo "2190"]
[BlackElo "1944"]
[Annotator "NA"]
[PlyCount "59"]
[EventDate "2018.09.05"]
[EventType "swiss"]
[EventCountry "TUR"]
[SourceTitle "playchess.com"]
[Source "ChessBase"]
[SourceQuality "1"]
[TimeControl "40/5400+30:1800+30"]

1. e4 d5 2. exd5 Qxd5 3. Nc3 Qd8 4. d4 Nf6 5. Nf3 Bg4 6. h3 Bxf3 7. Qxf3 c6 8. Be3 e6 9. O-O-O Nbd7 10. Kb1 Be7 11. g4 Nd5 12. Nxd5 cxd5 13. Qg2 O-O 14. g5 Nb6 15. h4 Nc4 16. Bc1 Qb6 17. Ka1 Rac8 18. Bd3 Qa5 19. h5 Rc6 20. c3 Ra6 21. Bb1 b5 22. f3 b4 23. Qc2 g6 24. hxg6 fxg6 25. Rxh7 e5 26. Rxe7 bxc3 27. Qh2 Rf7 28. Re8+ Rf8 29. Rh1 Rxe8 30. Qh8+ 1-0

[Event "World Junior U20 Girls 2018"]
[Site "Gebze"]
[Date "2018.09.12"]
[Round "8"]
[White "Pychova, Nela"]
[Black "Salah, Nadezhda"]
[Result "1/2-1/2"]
[ECO "A26"]
[WhiteElo "2173"]
[BlackElo "1918"]
[Annotator "NA"]
[PlyCount "51"]
[EventDate "2018.09.05"]
[EventType "swiss"]
[EventCountry "TUR"]
[SourceTitle "playchess.com"]
[Source "ChessBase"]
[SourceQuality "1"]
[TimeControl "40/5400+30:1800+30"]

1. c4 Nf6 2. Nc3 g6 3. Nf3 Bg7 4. g3 O-O 5. Bg2 d6 6. O-O Nc6 7. d3 Nh5 8. Bd2 f5 9. Qc1 e5 10. Rb1 a5 11. a3 f4 12. b4 axb4 13. axb4 Bg4 14. Re1 Qd7 15. Nd5 fxg3 16. hxg3 Bxf3 17. Bxf3 Rxf3 18. exf3 Qh3 19. Re3 Nxg3 20. fxg3 Qxg3+ 21. Kh1 Qh3+ 22. Kg1 Qg3+ 23. Kh1 Qh3+ 24. Kg1 Qg3+ 25. Kh1 Qh3+ 26. Kg1 1/2-1/2

[Event "World Junior U20 Girls 2018"]
[Site "Gebze"]
[Date "2018.09.12"]
[Round "8"]
[White "Varshini, V."]
[Black "Altantuya, Boldbaatar"]
[Result "1-0"]
[ECO "B25"]
[WhiteElo "2173"]
[BlackElo "2210"]
[Annotator "NA"]
[PlyCount "73"]
[EventDate "2018.09.05"]
[EventType "swiss"]
[EventCountry "TUR"]
[SourceTitle "playchess.com"]
[Source "ChessBase"]
[SourceQuality "1"]
[TimeControl "40/5400+30:1800+30"]

1. e4 c5 2. Nc3 Nc6 3. g3 d6 4. Bg2 g6 5. d3 Bg7 6. Nge2 Nf6 7. h3 O-O 8. O-O Bd7 9. g4 Rb8 10. f4 Ne8 11. Ng3 b5 12. g5 e6 13. f5 Be5 14. Nce2 exf5 15. exf5 Nd4 16. Nxd4 cxd4 17. fxg6 hxg6 18. Qf3 Rc8 19. Rf2 Ng7 20. Ne4 Bc6 21. Qg4 Nh5 22. Nf6+ Nxf6 23. gxf6 Bxf6 24. Bxc6 Rxc6 25. Bh6 Re8 26. Raf1 d5 27. h4 Re5 28. Bf4 Ree6 29. h5 Bg7 30. h6 g5 31. Bg3 Rxh6 32. Rxf7 Rcf6 33. R1xf6 Rxf6 34. Rc7 a6 35. Rc8 Qxc8 36. Qxc8+ Kh7 37. Be5 1-0

[Event "World Junior U20 Girls 2018"]
[Site "Gebze"]
[Date "2018.09.12"]
[Round "8"]
[White "Song, Yuxin"]
[Black "Unuk, Laura"]
[Result "0-1"]
[ECO "E15"]
[WhiteElo "2156"]
[BlackElo "2299"]
[Annotator "NA"]
[PlyCount "76"]
[EventDate "2018.09.05"]
[EventType "swiss"]
[EventCountry "TUR"]
[SourceTitle "playchess.com"]
[Source "ChessBase"]
[SourceQuality "1"]
[TimeControl "40/5400+30:1800+30"]

1. d4 Nf6 2. c4 e6 3. Nf3 b6 4. g3 Ba6 5. Nbd2 d5 6. Qc2 Be7 7. Bg2 O-O 8. O-O c5 9. dxc5 bxc5 10. Ne5 Qc7 11. f4 Nbd7 12. Ndf3 Nb6 13. b3 Rad8 14. Bd2 Ne4 15. Ba5 f6 16. Nd3 dxc4 17. bxc4 Nd6 18. Nb2 Bb7 19. Bh3 Nf5 20. Bxf5 exf5 21. Qxf5 Qc6 22. Rfe1 Rfe8 23. Rad1 g6 24. Qc2 Qe6 25. Bd2 Bf8 26. Rc1 Qc6 27. Kf1 Rd4 28. Qc3 Nc8 29. Be3 Rde4 30. Bf2 Qe6 31. Qd3 Qh3+ 32. Kg1 Nd6 33. Bxc5 Nf5 34. Bf2 Ne3 35. Nh4 Ng4 36. Nf3 Nxf2 37. Kxf2 Bc5+ 38. e3 Rxf4 0-1